 Dungeon Sprint DCSS version 0.26-a0-639-g72c4674329 (webtiles) character file.

Game seed: 17146126721547939830

406 Hipnos the Covert (level 6, -7/38 HPs)
             Began as an Octopode Hedge Wizard on Sept 16, 2020.
             Was the Champion of Jiyva.
             Mangled by Sonja
             ... wielding a +2 dagger of distortion
              (21 damage)
             ... in the Dungeon (Sprint I: "Red Sonja").
             The game lasted 00:07:42 (194 turns).

Hipnos the Covert (Octopode Hedge Wizard)            Turns: 194, Time: 00:07:44

Health: -7/38      AC:  4    Str:  9    XL:     6   Next: 87%
Magic:  16/17      EV: 15    Int: 18    God:    Jiyva [******]
Gold:   197        SH:  4    Dex: 12    Spells: 11/22 levels left

rFire    . . .     SeeInvis +   a - +0 dagger
rCold    . . .     Faith    .   (no shield)
rNeg     . . .     Spirit   .   b - +0 hat
rPois    .         Reflect  .   (no amulet)
rElec    .         Harm     .   j - ring of stealth
rCorr    +         Rampage  .   (no ring)
MR       .....     NoTele   +   (no ring)
Stlth    ++++++....             (no ring)
HPRegen  0.12/turn              (no ring)
MPRegen  0.15/turn              (no ring)
                                (no ring)
                                (no ring)

@: no status effects
A: almost no armour, stealthy swim, amphibious, 8 rings, constrict 8, antennae
1, icy blue scales 1, large bone plates 1, rugged brown scales 1, camouflage 1,
see invisible, gelatinous body 1, tendrils
a: Request Jelly, Slimify, Cure Bad Mutation, Renounce Religion


You were in the Dungeon.
You worshipped Jiyva.
Jiyva was exalted by your worship.
You visited 1 branch You collected 297 gold pieces.
You spent 100 gold pieces at shops.

Inventory:

Hand Weapons
 a - a +0 dagger (weapon)
Armour
 b - a +0 hat (worn)
Jewellery
 j - a ring of stealth (left tentacle)
Scrolls
 c - a scroll of remove curse {unknown}
 i - a scroll of blinking
Potions
 d - a potion of curing
 e - a potion of heal wounds
 f - a potion of haste
 g - 2 potions of magic
 h - a potion of berserk rage


   Skills:
 + Level 0.6 Fighting
 * Level 5.3 Short Blades
 + Level 4.4 Dodging
 * Level 9.9 Stealth
 + Level 8.7 Spellcasting
 * Level 5.4 Conjurations
 + Level 1.2 Summonings
 + Level 1.1 Translocations


You had 11 spell levels left.
You knew the following spells:

 Your Spells              Type           Power        Failure   Level
a - Magic Dart            Conj           ####         1%          1
b - Blink                 Tloc           N/A          9%          2
c - Call Imp              Summ           ##......     9%          2
d - Conjure Flame         Conj/Fire      ###.....     9%          3
e - Mephitic Cloud        Conj/Pois/Air  ##......     13%         3

Your spell library contained the following spells:

 Spells                   Type           Power        Failure   Level
 Slow                     Hex            #.......     14%         2


Dungeon Overview and Level Annotations

Branches:
Dungeon (1/1)

Altars:
Cheibriados
Dithmenos
Elyvilon
Fedhas
Gozag
Hepliaklqana
Kikubaaqudgha
Makhleb
Nemelex Xobeh
Okawaru
Qazlal
Ru
Sif Muna
Trog
Uskayaw
Vehumet
Wu Jian
Xom
Yredelemnul
Zin
The Shining One
Jiyva
Lugonu

Shops:
D *

Annotations:
D Sonja


Innate Abilities, Weirdness & Mutations

You cannot wear most types of armour.
You are very stealthy in the water. (Stealth+)
You are amphibious.
You can wear up to eight rings at the same time.
You can use your tentacles to constrict eight enemies at once.
Your skin changes colour to match your surroundings (Stealth+).
Your rubbery body absorbs attacks. (AC +1, EV +1)
You have a pair of small antennae on your head.
You are partially covered in icy blue scales. (AC +2)
You are partially covered in large bone plates. (SH +4)
You are partially covered in rugged brown scales. (AC +1, +3% HP)
You have supernaturally acute eyesight. (SInv)
You are covered in slimy tendrils that may disarm your opponents.


Message History

Okay, then.
Casting: Mephitic Cloud (quite dangerous; 13% risk of failure)
Confirm with . or Enter, or press ? or * to list all spells.
You don't know that spell.
Casting: Mephitic Cloud (quite dangerous; 13% risk of failure)
Confirm with . or Enter, or press ? or * to list all spells.
The fire begins to smolder!
Sonja hits you with a +2 dagger of distortion.
Space bends around you.
Sonja hits you with a +2 dagger of distortion. x2
Space bends around you.
You hear a slurping noise.
You feel a little less hungry.
You feel your power returning.
You feel better.
Sonja hits you with a +2 dagger of distortion!
You shudder from the blow and a jelly pops out!
Sonja hits you but does no damage. x2; Sonja closely misses you. x2
Sonja hits you with a +2 dagger of distortion.
Space warps horribly around you!!
Ouch! That really hurt!
You die...

###################
#<.#.['..#).'..#__#
#..'..#.)'..#..'..+
#..#####'#####'#__#
#..####..#...#.####
#..#__####..##J#
#..#_____##J#_J+
#⌠⌠#_.∩...'..._#
####_..__##K@#'#
#_____###G#.#
####### #.### ...
#..G# ##.## #+#


You could see Sonja, a neutral slime creature (wandering) (fellow slime), 2
neutral shining eyes (fellow slime), a neutral jelly (wandering) (fellow slime)
and a friendly azure jelly (summoned).

Vanquished Creatures
  Sigmund (D)
  A yak (D)
  An ogre (D)
  Ijyb (D)
4 creatures vanquished.

Vanquished Creatures (others)
  A kobold demonologist (D)
  A redback (D)
  2 floating eyes (D)
  7 necrophages (D)
  7 jellies (D)
18 creatures vanquished.

Grand Total: 22 creatures vanquished

Notes
Turn   | Place    | Note
-------+----------+-------------------------------------------
     0 | D        | Hipnos the Octopode Hedge Wizard began the quest for the
                  | Orb.
     0 | D        | Reached XP level 1. HP: 11/11 MP: 4/4
     1 | D        | Noticed Ijyb
    12 | D        | Killed Ijyb
    12 | D        | Reached skill level 4 in Stealth
    12 | D        | Reached XP level 2. HP: 14/17 MP: 4/7
    12 | D        | Reached XP level 3. HP: 17/21 MP: 5/9
    69 | D        | Learned a level 2 spell: Blink
    72 | D        | Learned a level 2 spell: Call Imp
    76 | D        | Learned a level 3 spell: Conjure Flame
    80 | D        | Learned a level 3 spell: Mephitic Cloud
    82 | D        | Noticed an ogre
    85 | D        | Killed an ogre
    85 | D        | Reached skill level 6 in Stealth
    85 | D        | Reached XP level 4. HP: 27/27 MP: 10/12
    95 | D        | Noticed Sigmund
   105 | D        | Killed Sigmund
   105 | D        | Reached skill level 8 in Stealth
   105 | D        | Reached XP level 5. HP: 24/32 MP: 10/15
   105 | D        | Reached XP level 6. HP: 28/37 MP: 10/16
   124 | D        | Found an ornate altar of the Wu Jian Council.
   124 | D        | Found a shimmering blue altar of Sif Muna.
   127 | D        | Found a burning altar of Makhleb.
   127 | D        | Found a viscous altar of Jiyva.
   127 | D        | Found a shimmering altar of Xom.
   127 | D        | Found a corrupted altar of Lugonu.
   127 | D        | Noticed a slime creature
   130 | D        | Became a worshipper of Jiyva Juaqeid the Shapeless
   133 | D        | Found a radiant altar of Vehumet.
   134 | D        | Killed a necrophage
   137 | D        | Killed a necrophage
   139 | D        | Killed a necrophage
   140 | D        | Reached * piety under Jiyva
   142 | D        | Reached ** piety under Jiyva
   143 | D        | Reached *** piety under Jiyva
   146 | D        | Killed a necrophage
   147 | D        | Reached **** piety under Jiyva
   147 | D        | Gained mutation: Your body sometimes deteriorates upon
                  | taking damage. [Jiyva's grace]
   148 | D        | Reached ***** piety under Jiyva
   148 | D        | Gained mutation: You are partially covered in icy blue
                  | scales. (AC +2) [Jiyva's grace]
   149 | D        | Killed a necrophage
   150 | D        | Gained mutation: You are partially covered in large bone
                  | plates. (SH +4) [Jiyva's grace]
   151 | D        | Reached ****** piety under Jiyva
   151 | D        | Gained mutation: One of your tentacles bears a spike.
                  | [Jiyva's grace]
   152 | D        | Killed a necrophage
   153 | D        | Gained mutation: You are covered in slimy tendrils that may
                  | disarm your opponents. [Jiyva's grace]
   153 | D        | Killed a necrophage
   155 | D        | Killed a floating eye
   155 | D        | Gained mutation: You are partially covered in rugged brown
                  | scales. (AC +1, +3% HP) [Jiyva's grace]
   164 | D        | Found Sookac's Assorted Antiques.
   164 | D        | Found an ancient bone altar of Kikubaaqudgha.
   164 | D        | Found a hazy altar of Hepliaklqana.
   164 | D        | Found a stormy altar of Qazlal.
   164 | D        | Found a hide-covered altar of Uskayaw.
   164 | D        | Found a blossoming altar of Fedhas.
   164 | D        | Found a bloodstained altar of Trog.
   164 | D        | Found an iron altar of Okawaru.
   164 | D        | Found a basalt altar of Yredelemnul.
   164 | D        | Found a glowing golden altar of the Shining One.
   164 | D        | Found a snail-covered altar of Cheibriados.
   164 | D        | Found a sacrificial altar of Ru.
   164 | D        | Found a glowing silver altar of Zin.
   164 | D        | Found a shadowy altar of Dithmenos.
   164 | D        | Found a white marble altar of Elyvilon.
   164 | D        | Noticed a yak
   165 | D        | Found an opulent altar of Gozag.
   165 | D        | Gained mutation: You have a pair of small antennae on your
                  | head. [Jiyva's grace]
   174 | D        | Killed a yak
   174 | D        | Reached skill level 5 in Short Blades
   174 | D        | Reached skill level 9 in Stealth
   174 | D        | Reached skill level 5 in Conjurations
   175 | D        | Found a sparkling altar of Nemelex Xobeh.
   180 | D        | Lost mutation: Your body sometimes deteriorates upon taking
                  | damage. [Jiyva's power]
   180 | D        | Killed a floating eye
   181 | D        | Bought a ruby ring for 100 gold pieces
   182 | D        | Gained mutation: You have supernaturally acute eyesight.
                  | (SInv) [Jiyva's grace]
   182 | D        | Killed a kobold demonologist
   184 | D        | Lost mutation: One of your tentacles bears a spike.
                  | [Jiyva's grace]
   188 | D        | Killed a redback
   191 | D        | Noticed Sonja
   191 | D        | Noticed a shining eye
   194 | D        | Noticed a shining eye
   194 | D        | Mangled by Sonja

Illustrated notes

Levels and vault maps discovered:
D:        dungeon_sprint_1 [red_sonja_temple_1, red_sonja_temple_small_1]

Skill      XL: |  1  2  3  4  5  6 |
---------------+-------------------+-----
Short Blades   | 2 3 4 5 |  5.3
Stealth        | 4 6 8 9 |  9.9
Spellcasting   | 4 6 7 8 |  8.7
Conjurations   | 2 3 4 5 |  5.4
Dodging        | 3 4 |  4.4
Fighting       | |  0.6
Summonings     | |  1.2
Translocations | |  1.1

Action                   |  1- 3 |  4- 6 || total
-------------------------+-------+-------++-------
Melee: Dagger            |    10 |    16 ||    26
       Tentacles         |     6 |     3 ||     9
       Constrict         |     1 |     2 ||     3
 Cast: Mephitic Cloud    |       |     1 ||     1
       Conjure Flame     |       |     1 ||     1
Invok: Cure Bad Mutation |       |     1 ||     1
 Stab: Sleeping          |     2 |     1 ||     3
       Confused          |       |     1 ||     1
Armor: Skin              |     1 |     2 ||     3
Dodge: Dodged            |     6 |     7 ||    13

Table legend: (Time is in decaauts)
 A = Elapsed time spent in this place.
 B = Non-inter-level travel time spent in this place.
 C = Inter-level travel time spent in this place.
 D = Time resting spent in this place.
 E = Time spent auto-exploring this place.
 F = Levels seen in this place.
 G = Mean time per level.
                   A        B        C        D        E       F      G
               +--------+--------+--------+--------+--------+-----+--------+
         Total |    190 |    190 |      0 |      0 |     39 |   1 |  190.0 |
       Dungeon |    190 |    190 |      0 |      0 |     39 |   1 |  190.0 |
               +--------+--------+--------+--------+--------+-----+--------+

Top non-repeatable levels by time:
       D: 190 daAuts
